 Dungeon Crawl Stone Soup version 0.30.1-1-g62c8e00024 (webtiles) character file.

Game seed: 7871188666331452432

2801 archevel the Cleaver (level 9, -2/65 (75) HPs)
             Began as a Hill Orc Monk on July 16, 2023.
             Slain by a wight
             ... wielding a +0 morningstar
              (12 damage)
             ... on level 6 of the Dungeon.
             The game lasted 00:19:22 (6849 turns).

archevel the Cleaver (Hill Orc Monk)                Turns: 6849, Time: 00:19:24

HP:   -2/65 (75)    AC: 16    Str: 18    XL:     9   Next: 71%
MP:   10/11         EV:  7    Int: 10    God:
Gold: 359           SH:  0    Dex: 19    Spells: 8/8 levels left

rFire   . . .        u - +1 war axe
rCold   . . .        d - orb {light}
rNeg    . . .        o - +1 plate armour
rPois   .            (no helmet)
rElec   .            q - +0 cloak
rCorr   +            n - +0 pair of gloves
SInv    .            (no boots)
Will    .....        (no amulet) Stlth
                     p - ring of resist corrosion
HPRegen 0.30/turn    w - +6 ring of dexterity
MPRegen 0.12/turn

%: no passive effects
@: glowing, heavily drained
A: no striking features
a: no special abilities


You were on level 6 of the Dungeon.
You visited 1 branch of the dungeon, and saw 7 of its levels.

You collected 359 gold pieces.

Inventory:

Hand Weapons
 a - a +0 hand axe
 u - a +1 war axe (weapon)
Missiles
 m - 67 stones (quivered)
 s - 2 curare-tipped darts
 x - a throwing net
Armour
 d - an orb of light (worn)
 n - a +0 pair of gloves (worn)
 o - a +1 plate armour (worn)
 q - a +0 cloak (worn)
Jewellery
 p - a ring of resist corrosion (left hand)
 w - a +6 ring of dexterity (right hand)
Wands
 h - a wand of quicksilver (19)
 y - a wand of iceblast (9)
Scrolls
 b - a scroll of torment
 f - 3 scrolls of teleportation
 i - 4 scrolls of identify
 j - a scroll of noise {unknown}
 k - a scroll of enchant weapon
 B - 3 scrolls of acquirement {unknown}
Potions
 c - a potion of ambrosia
 e - a potion of lignification
 g - a potion of heal wounds
 l - 2 potions of flight
 r - a potion of magic {unknown}
 t - a potion of curing
 v - 2 potions of haste
 z - a potion of brilliance
 A - 2 potions of attraction


   Skills:
 + Level 6.3 Fighting
 * Level 13.4 Axes
 * Level 1.7 Throwing
 * Level 6.9 Armour
 - Level 2.4 Dodging
 * Level 2.7 Invocations


You had 8 spell levels left.
You didn't know any spells.
Your spell library contained the following spells:

 Spells                   Type           Power      Damage    Failure   Level
 Apportation              Tloc           0%         N/A       100%        1
 Shock                    Conj/Air       0%         1d3       100%        1
 Cigotuvi's Dreadful Rot  Necr/Pois/Air  0%         N/A       100%        2
 Ensorcelled Hibernation  Hex/Ice        0%         N/A       100%        2
 Passwall                 Tmut/Erth      0%         N/A       100%        2
 Scorch                   Fire           0%         2d5       100%        2
 Swiftness                Air            0%         N/A       100%        3
 Airstrike                Air            0%         2d(0-16)  100%        4
 Dispel Undead            Necr           0%         3d6       100%        4
 Flame Wave               Conj/Fire      0%         2d4       100%        4
 Alistair's Intoxication  Tmut/Pois      0%         N/A       100%        5
 Death Channel            Necr           0%         N/A       100%        6
 Summon Cactus Giant      Summ           0%         N/A       100%        6


Dungeon Overview and Level Annotations

Branches:
Dungeon (7/15)             Temple (0/1) D:5

Altars:
Gozag
Kikubaaqudgha
Makhleb
Ru
Trog

Shops:
D:1 *   D:3 :   D:6 =


Message History

The wight barely misses you. The wight hits you but does no damage.
The wight hits you with a +0 war axe!
You feel drained.
There is a stone staircase leading up, spattered with blood here.
The ice beast hits you. The ice beast freezes you!
The wight hits you with a +0 hand axe.
The wight hits you with a +0 morningstar.
You feel drained. The wight hits you with a +0 war axe.
You climb upwards.
There is a stone staircase leading down, spattered with blood here.
You hit the ice beast.
The ice beast is lightly wounded.
You barely miss the wight. You slash the wight!
You hit the wight but do no damage. The wight hits you with a +0 hand axe!
The wight hits you with a +0 morningstar!
* * * LOW HITPOINT WARNING * * *
You feel drained.
* * * LOW HITPOINT WARNING * * *
The wight closely misses you.
The ice beast hits you but does no damage.
You slash the ice beast!
The ice beast is heavily wounded.
You hit the wight. You slash the wight!
You destroy the wight!
You hit the wight but do no damage. The wight completely misses you.
The wight hits you but does no damage.
The ice beast hits you but does no damage.
Unknown command.
You barely miss the ice beast.
The ice beast is heavily wounded.
You hit the wight. x2; The wight hits you with a +0 war axe.
* * * LOW HITPOINT WARNING * * *
The wight hits you but does no damage.
The ice beast hits you but does no damage.
You hit the ice beast.
The ice beast is heavily wounded.
You slash the wight!
You destroy the wight!
You hit the wight.
The wight hits you with a +0 morningstar!
You die...

## #..#..##
######.# .#
#..##..#
#......# .#
#..###.#
#.###### .#
#....#.# #.#
## #.##...#
#.# #######
#.###..###.#
......# #.#
#...##.#
#####.# #.#
##z)##.# #
#.# #.#
#)@Y..# #
#.# #.#
####### #
#.####.#
#......#
########


You could see an ice beast and a wight.

Vanquished Creatures
  A steam dragon (D:7)
  Menkaure (D:6)
  A water moccasin (D:7)
  2 ice beasts
  A sky beast (D:6)
  2 black bears
  4 ogres
  A centaur (D:6)
  2 bullfrogs (D:6)
  3 kobold brigands
  5 scorpions
  7 wights
  A jelly (D:6)
  4 hounds
  A gnoll bouda (D:5)
  5 orc wizards
  9 gnolls
  8 adders
  A shadow imp (D:6)
  An ufetubus (D:4)
  3 worms
  A dart slug (D:4)
  26 orcs
  7 endoplasms
  A giant cockroach (D:1)
  12 goblins
  9 hobgoblins
  3 jackals (D:5)
  16 kobolds
  5 quokkas
  13 ball pythons
  4 bats
  6 frilled lizards
  7 rats
173 creatures vanquished.

Notes
Turn   | Place    | Note
-------+----------+-------------------------------------------
     0 | D:1      | archevel the Hill Orc Monk began the quest for the Orb.
     0 | D:1      | Reached XP level 1. HP: 19/19 MP: 1/1
    79 | D:1      | Reached XP level 2. HP: 20/27 MP: 2/2
   308 | D:1      | Found Ovonu's General Store.
   555 | D:1      | Reached skill level 5 in Axes
   558 | D:1      | Reached XP level 3. HP: 25/33 MP: 3/3
   907 | D:2      | Reached skill level 1 in Armour
   985 | D:2      | Found a bloodstained altar of Trog.
  1262 | D:2      | Reached XP level 4. HP: 40/40 MP: 4/4
  1515 | D:2      | Reached skill level 6 in Axes
  1720 | D:3      | Found Uteuka's Book Shop.
  2155 | D:3      | Reached XP level 5. HP: 36/46 MP: 5/5
  2671 | D:4      | Found an ancient bone altar of Kikubaaqudgha.
  2906 | D:4      | Reached skill level 7 in Axes
  3050 | D:4      | Reached XP level 6. HP: 52/52 MP: 6/6
  3250 | D:4      | Found a burning altar of Makhleb.
  3513 | D:5      | Entered Level 5 of the Dungeon
  3563 | D:5      | Found a staircase to the Ecumenical Temple.
  3705 | D:5      | Reached skill level 8 in Axes
  3927 | D:5      | Reached XP level 7. HP: 57/60 MP: 7/7
  4022 | D:5      | Reached skill level 9 in Axes
  4352 | D:5      | Found a sacrificial altar of Ru.
  4352 | D:5      | Found an opulent altar of Gozag.
  4899 | D:6      | Found Haesuss's Jewellery Emporium.
  4955 | D:6      | Reached skill level 10 in Axes
  4955 | D:6      | Reached XP level 8. HP: 58/67 MP: 8/8
  5005 | D:6      | Reached skill level 5 in Fighting
  5170 | D:6      | Reached skill level 5 in Armour
  5190 | D:6      | Reached skill level 11 in Axes
  5247 | D:6      | Noticed Menkaure
  5256 | D:6      | Killed Menkaure
  5433 | D:6      | Reached skill level 12 in Axes
  5433 | D:6      | Reached XP level 9. HP: 44/74 MP: 9/9
  6084 | D:7      | Reached skill level 1 in Invocations
  6342 | D:7      | Reached skill level 1 in Throwing
  6522 | D:7      | Reached skill level 13 in Axes
  6849 | D:6      | Slain by a wight

Illustrated notes

Levels and vault maps discovered:
D:1:      spicycebolla_arrival_ecumenical, layout_loops_ring, serial_shops,
          shop, minmay_pentomino_o2
D:2:      minmay_alternating_diamond, layout_basic, basic_altar,
          dreamdust_wishing_well, roderic_roman_lattice,
          minmay_misc_feat_square, serial_bayou_pond_d
D:3:      layout_basic, serial_shops, shop, kennysheep_minor_cross
D:4:      layout_basic, mainiacjoe_overflow_chevrons, overflow_temple_1_default,
          nicolae_kite_square_tiling_tiny
D:5:      layout_loops_ring, gammafunk_temple_overflow_elements,
          minmay_temple_entry_drinking_statues
D:6:      layout_basic, serial_shops, shop, nrook_mini_vaults, uniq_menkaure
D:7:      layout_basic, doesnt_xom_only_xom

Skill      XL: |  1  2  3  4  5  6  7  8  9 |
---------------+----------------------------+-----
Axes           | 5 6 7 8 10 12 13 | 13.4
Armour         | 1 2 3 4 6 |  6.9
Fighting       | 4 5 6 |  6.3
Invocations    | 2 |  2.7
Throwing       | 1 |  1.7
Dodging        | |  2.4

Action                     |  1- 3 |  4- 6 |  7- 9 || total
---------------------------+-------+-------+-------++-------
  Melee: Hand axe          |    99 |    90 |       ||   189
         War axe           |       |   121 |   221 ||   342
    Use: Scroll            |       |       |    10 ||    10
         Potion            |       |       |     5 ||     5
 Armour: Ring mail         |    10 |       |       ||    10
         Robe              |     1 |       |       ||     1
         Plate armour      |    25 |   152 |   162 ||   339
  Dodge: Dodged            |    39 |    56 |    82 ||   177
